 Dungeon Crawl Stone Soup version 0.27.0-1-g7a089689b8 (webtiles) character file.

Game seed: 1079075979055208405

221 ZombieSheep the Covered (level 5, -3/38 HPs)
             Began as a Gnoll Wanderer on Aug 6, 2021.
             Was a Follower of Vehumet.
             Killed by divine providence
             ... invoked by an orc priest
              (9 damage)
             ... on level 4 of the Dungeon.
             The game lasted 00:04:12 (2375 turns).

ZombieSheep the Covered (Gnoll Wanderer)            Turns: 2375, Time: 00:04:14

Health: -3/38      AC:  9    Str: 12    XL:     5   Next: 98%
Magic:  12/12      EV:  9    Int: 14    God:    Vehumet [*.....]
Gold:   144        SH:  5    Dex:  9    Spells: 13/14 levels left

rFire    . . .     SeeInvis .   a - +3 mace
rCold    . . .     Faith    .   (no shield)
rNeg     . . .     Spirit   .   g - +0 scale mail
rPois    .         Reflect  +   o - +0 helmet
rElec    .         Harm     .   (no cloak)
rCorr    .         Rampage  .   (no gloves)
Will     .....                  (no boots)
Stlth    ..........             l - amulet of reflection
HPRegen  0.12/turn              (no ring)
MPRegen  0.13/turn              (no ring)

@: no status effects
A: fangs 1, strong nose, distributed training
a: Renounce Religion


You were on level 4 of the Dungeon.
You worshipped Vehumet.
Vehumet was aware of your devotion.
You visited 1 branch of the dungeon, and saw 4 of its levels.

You collected 144 gold pieces.

Inventory:

Hand Weapons
 a - a +3 mace (weapon)
Missiles
 b - 2 javelins (quivered)
Armour
 g - a +0 scale mail (worn)
 k - a +0 ring mail
 o - a +0 helmet (worn)
Jewellery
 l - an amulet of reflection (around neck)
Wands
 e - a wand of paralysis (3)
 j - a wand of flame (23)
Scrolls
 f - 3 scrolls of immolation
 m - a scroll of blinking
Potions
 c - a potion of lignification
 d - a potion of berserk rage {unknown}
 h - a potion of magic {unknown}
 i - a potion of curing {unknown}


   Skills:
 + Level 1.7 Fighting
 + Level 1.7 Short Blades
 + Level 1.7 Long Blades
 + Level 1.7 Axes
 + Level 4.9 Maces & Flails
 + Level 1.7 Polearms
 + Level 1.7 Staves
 + Level 1.7 Slings
 + Level 1.7 Bows
 + Level 1.7 Crossbows
 + Level 1.7 Throwing
 + Level 6.7 Armour
 + Level 1.7 Dodging
 + Level 1.7 Stealth
 + Level 3.1 Shields
 + Level 1.7 Unarmed Combat
 + Level 5.2 Spellcasting
 + Level 1.3 Conjurations
 + Level 1.3 Hexes
 + Level 1.3 Summonings
 + Level 1.3 Necromancy
 + Level 1.3 Translocations
 + Level 2.5 Transmutations
 + Level 1.3 Fire Magic
 + Level 1.3 Ice Magic
 + Level 1.3 Air Magic
 + Level 1.3 Earth Magic
 + Level 1.3 Poison Magic
 + Level 1.9 Invocations
 + Level 3.1 Evocations


You had 13 spell levels left.
You knew the following spells:

 Your Spells              Type           Power      Damage    Failure   Level
a - Magic Dart            Conj           28%        1d4       38%         1

Your spell library contained the following spells:

 Spells                   Type           Power      Damage    Failure   Level


Dungeon Overview and Level Annotations

Branches:
Dungeon (4/15)
 Temple: D:4-7

Altars:
Vehumet

Shops:
D:3 =

Annotations:
D:4 Pikel


Innate Abilities, Weirdness & Mutations

You have very sharp teeth.
Your uncanny sense of smell can sniff out nearby items.
Your experience applies equally to all skills.


Message History

You block the centaur skeleton's attack.
The centaur skeleton hits you but does no damage.
The centaur skeleton kicks you but does no damage.
Throw: 5 javelins
Press: ? - help, Q - select action, (/) - cycle Shift-Dir - straight line, f/p - orc priest
Aim: an orc priest, wielding a +0 mace (52% to hit)
You throw a javelin.
The javelin pierces through the centaur skeleton!
The centaur skeleton is severely damaged.
The javelin pierces through the orc but does no damage.
The javelin pierces through the orc priest.
The orc priest is moderately wounded.
The centaur skeleton closely misses you.
The centaur skeleton kicks you.
The orc priest miscasts a cantrip.
Throw: 4 javelins
Press: ? - help, Q - select action, (/) - cycle Shift-Dir - straight line, f/p - orc priest
Aim: an orc priest, wielding a +0 mace (moderately wounded, 52% to hit)
You throw a javelin. The javelin pierces through the orc.
The orc is severely wounded.
The javelin pierces through the centaur skeleton but does no damage.
The centaur skeleton is severely damaged.
The javelin barely misses the orc priest.
The orc priest mumbles some strange prayers to Beogh against you.
Beogh smites you!
* * * LOW HITPOINT WARNING * * *
The orc barely misses you.
Throw: 3 javelins
Press: ? - help, Q - select action, (/) - cycle Shift-Dir - straight line, f/p - orc priest
Aim: an orc priest, wielding a +0 mace (moderately wounded, 52% to hit)
You throw a javelin. The javelin pierces through the orc.
You kill the orc!
Vehumet accepts your kill.
The javelin pierces through the centaur skeleton.
The centaur skeleton is almost destroyed.
The javelin pierces through the orc priest but does no damage.
The orc priest is moderately wounded.
The orc priest mumbles some strange prayers to Beogh against you.
Beogh smites you!
You die...

#### #.... ..... ......
...... ########......
#.@Z(o...(...o
##.....####J..(....
###..#### #..##.....
....########.#.......
#.>...........#..###
###............##
######...###....### #
##...............#
######.........###<...#


You could see a jelly, an orc priest and a centaur skeleton.

Vanquished Creatures
  A centaur skeleton (D:4)
  3 iguanas
  Terence (D:3)
  4 adders
  2 worms
  A dart slug (D:3)
  3 orcs
  6 ball pythons
  3 bats
  2 endoplasms (D:2)
  2 giant cockroaches
  A goblin (D:2)
  9 hobgoblins
  A quokka (D:2)
  3 frilled lizards
  A kobold (D:2)
  A quokka skeleton (D:4)
  2 rats
46 creatures vanquished.

Notes
Turn   | Place    | Note
-------+----------+-------------------------------------------
     0 | D:1      | ZombieSheep the Gnoll Wanderer began the quest for the Orb.
     0 | D:1      | ZombieSheep set off with the following items: a +2 mace, a
                  | +0 ring mail, a potion of lignification
     0 | D:1      | Reached XP level 1. HP: 13/13 MP: 6/6
   146 | D:1      | Reached XP level 2. HP: 19/19 MP: 7/7
   246 | D:1      | You fall into a shaft and drop 1 floor!
   561 | D:2      | Reached XP level 3. HP: 23/25 MP: 9/9
   621 | D:2      | Reached skill level 5 in Spellcasting
   659 | D:2      | Reached skill level 1 in Invocations
   836 | D:2      | Reached skill level 1 in Fighting
   836 | D:2      | Reached skill level 1 in Short Blades
   836 | D:2      | Reached skill level 1 in Long Blades
   836 | D:2      | Reached skill level 1 in Axes
   836 | D:2      | Reached skill level 1 in Polearms
   836 | D:2      | Reached skill level 1 in Staves
   836 | D:2      | Reached skill level 1 in Slings
   836 | D:2      | Reached skill level 1 in Bows
   836 | D:2      | Reached skill level 1 in Crossbows
   836 | D:2      | Reached skill level 1 in Throwing
   836 | D:2      | Reached skill level 1 in Dodging
   836 | D:2      | Reached skill level 1 in Stealth
   836 | D:2      | Reached skill level 1 in Unarmed Combat
   888 | D:2      | Found a faded altar of an unknown god.
   909 | D:2      | Became a worshipper of Vehumet
   909 | D:2      | Reached * piety under Vehumet
   909 | D:2      | Offered knowledge of Magic Dart by Vehumet.
   912 | D:2      | Learned a level 1 spell: Magic Dart
  1105 | D:2      | Reached XP level 4. HP: 31/32 MP: 11/11
  1471 | D:3      | Reached skill level 1 in Conjurations
  1471 | D:3      | Reached skill level 1 in Hexes
  1471 | D:3      | Reached skill level 1 in Summonings
  1471 | D:3      | Reached skill level 1 in Necromancy
  1471 | D:3      | Reached skill level 1 in Translocations
  1471 | D:3      | Reached skill level 1 in Fire Magic
  1471 | D:3      | Reached skill level 1 in Ice Magic
  1471 | D:3      | Reached skill level 1 in Air Magic
  1471 | D:3      | Reached skill level 1 in Earth Magic
  1471 | D:3      | Reached skill level 1 in Poison Magic
  1497 | D:3      | Noticed Terence
  1506 | D:3      | Killed Terence
  1564 | D:3      | Reached XP level 5. HP: 35/37 MP: 12/12
  1667 | D:3      | Found Vinoj's Jewellery Emporium.
  2255 | D:4      | Noticed a lemure
  2255 | D:4      | Noticed a lemure
  2257 | D:4      | Noticed Pikel
  2375 | D:4      | Killed from afar by an orc priest

Illustrated notes

Levels and vault maps discovered:
D:1:      minmay_arrival_radiant_lines, layout_basic
D:2:      layout_basic, hellmonk_ecumenical_altar_blasted
D:3:      layout_basic, serial_rivers, chequers_serial_rivers_room_b,
          chequers_serial_rivers_small_a, chequers_serial_rivers_large_b,
          chequers_serial_rivers_large_a, chequers_serial_rivers_small_b,
          serial_shops, nicolae_shop_behind_doors, uniq_terence
D:4:      layout_rooms, uniq_pikel

Skill      XL: |  1  2  3  4  5 |
---------------+----------------+-----
Transmutations | 2 |  2.5
Spellcasting   | 5 |  5.2
Invocations    | 1 |  1.9
Fighting       | 1 |  1.7
Short Blades   | 1 |  1.7
Long Blades    | 1 |  1.7
Axes           | 1 |  1.7
Polearms       | 1 |  1.7
Staves         | 1 |  1.7
Slings         | 1 |  1.7
Bows           | 1 |  1.7
Crossbows      | 1 |  1.7
Throwing       | 1 |  1.7
Dodging        | 1 |  1.7
Stealth        | 1 |  1.7
Unarmed Combat | 1 |  1.7
Conjurations   | 1 |  1.3
Hexes          | 1 |  1.3
Summonings     | 1 |  1.3
Necromancy     | 1 |  1.3
Translocations | 1 |  1.3
Fire Magic     | 1 |  1.3
Ice Magic      | 1 |  1.3
Air Magic      | 1 |  1.3
Earth Magic    | 1 |  1.3
Poison Magic   | 1 |  1.3
Shields        | 3 |  3.1
Evocations     | 3 |  3.1
Maces & Flails | |  4.9
Armour         | |  6.7

Action                   |  1- 3 |  4- 6 || total
-------------------------+-------+-------++-------
Melee: Mace              |    86 |    61 ||   147
       Bite              |     3 |     5 ||     8
Throw: Javelin           |     1 |    11 ||    12
Evoke: Wand              |       |     1 ||     1
  Use: Scroll            |       |     4 ||     4
 Stab: Paralysed         |       |     3 ||     3
Armor: Ring mail         |    14 |       ||    14
       Scale mail        |    23 |    36 ||    59
Dodge: Dodged            |    36 |    26 ||    62
Block: Other             |       |    11 ||    11
